 Dungeon Crawl Stone Soup version 0.28-a0-1117-g0bdd5ba030 (webtiles) character file.

Game seed: 6317122473350169934

6550 SensoryNuts the Cruncher (level 10, -6/79 HPs)
             Began as a Demonspawn Gladiator on Dec 11, 2021.
             Was an Initiate of Ashenzari.
             Killed from afar by a green death (29 damage)
             ... with a bolt of poison
             ... on level 1 of the Abyss.
             The game lasted 00:17:25 (11051 turns).

SensoryNuts the Cruncher (Demonspawn Gladiator)    Turns: 11051, Time: 00:17:26

Health: -6/79      AC: 23    Str: 20    XL:     10   Next: 70%
Magic:  9/9        EV: 12    Int:  9    God:    Ashenzari [......]
Gold:   339        SH:  0    Dex: 14    Spells: 9/9 levels left

rFire   . . .      SeeInvis .   A - +7 short sword (flame)
rCold   . . .      Faith    .   (no shield)
rNeg    . . .      Spirit   .   q - +1 scale mail of Bad Feelings {Slay+6}
rPois   .          Reflect  .   r - +2 hat
rElec   .          Harm     .   (no cloak)
rCorr   .          Rampage  .   (no gloves)
Will    .....                   (no boots)
Stlth   +.........              (no amulet)
HPRegen 0.23/turn               (no ring)
MPRegen 0.11/turn               (no ring)

@: lethally poisoned (-6 -> -26), sanguine armoured, studying Transmutations
A: hooves 1, ignite blood 1, sanguine armour 3, demonic magic 1, low mp 1,
devolution 1
a: Renounce Religion, Curse Item


You were on level 1 of the Abyss.
You worshipped Ashenzari.
Ashenzari was noncommittal.
You visited 2 branches of the dungeon, and saw 10 of its levels.
You visited the Abyss 1 time.

You collected 579 gold pieces.
You spent 240 gold pieces at shops.

Inventory:

Hand Weapons
 a - a +0 demon blade
 p - a +4 short sword
 t - a +0 spear
 y - a +5 hand axe of freezing
 A - a +7 short sword of flaming (weapon)
Missiles
 d - 3 throwing nets
Armour
 b - a +0 leather armour
 c - a +0 helmet
 q - the +1 scale mail of Bad Feelings (worn) {Slay+6}
   (You took it off an orc on level 4 of the Dungeon)

   Slay:      It affects your accuracy & damage with ranged weapons and melee
   (+6).
 r - a +2 hat (worn)
 s - a +0 cloak
Magical Staves
 w - a staff of earth
Wands
 h - a wand of digging (4)
 n - a wand of paralysis (19) (quivered)
Scrolls
 e - 2 scrolls of enchant armour
 f - a scroll of blinking
 g - 2 scrolls of amnesia
 l - 6 scrolls of identify
 m - 5 scrolls of noise
 o - 2 scrolls of fog
 x - 4 scrolls of teleportation
Potions
 i - 4 potions of cancellation
 j - 2 potions of lignification
 k - a potion of degeneration
 u - a potion of flight
 v - a potion of magic
 B - 2 potions of curing


   Skills:
 + Level 7.0 Fighting
 + Level 4.9 Short Blades
 + Level 8.5 Staves
 + Level 1.8 Throwing
 + Level 7.6 Armour
 + Level 5.7 Dodging
 + Level 3.5 Stealth


You had 9 spell levels left.
You didn't know any spells.
Your spell library contained the following spells:

 Spells                   Type           Power      Damage    Failure   Level
 Apportation              Tloc           0%         N/A       71%         1
 Sting                    Tmut/Pois      0%         1d3       71%         1
 Poisonous Vapours        Pois/Air       0%         N/A       83%         2
 Olgreb's Toxic Radiance  Pois           0%         N/A       100%        4
 Summon Lightning Spire   Summ/Air       0%         N/A       100%        4
 Alistair's Intoxication  Tmut/Pois      0%         N/A       100%        5
 Blade Hands              Tmut           0%         N/A       100%        5
 Irradiate                Conj/Tmut      0%         3d13      100%        5
 Dragon Form              Tmut           0%         N/A       100%        7
 Storm Form               Tmut/Air       0%         N/A       100%        7
 Maxwell's Capacitive Co  Air            0%         ∞         100%        8


Dungeon Overview and Level Annotations

Branches:
Dungeon (9/15)             Temple (1/1) D:5            Lair (0/6) D:8
    Orc: D:9-12

Altars:
Ashenzari
Cheibriados
Dithmenos
Elyvilon
Fedhas
Gozag
Hepliaklqana
Kikubaaqudgha
Makhleb
Nemelex Xobeh
Okawaru
Qazlal
Sif Muna
Uskayaw
Vehumet
Wu Jian
Xom
Yredelemnul
Zin
The Shining One
Beogh

Shops:
D:7 *

Annotations:
D:8 3 runed translucent doors, fragbeetle's ghost, novice MiFi
D:9 1 runed translucent door, Erolcha


Innate Abilities, Weirdness & Mutations

You have large cloven feet.
Your demonic aura sometimes causes spilled blood to erupt in flames.
When seriously injured, your blood forms very thick armour. (AC +12)
Spells you cast may paralyse adjacent enemies.
Your magical capacity is low. (-10% MP)
You have hidden genetic defects.


Message History

* * * LOW HITPOINT WARNING * * *
The tentacled starspawn misses you.
You feel much better.
Your blood armour dries and flakes away.
The tentacled starspawn is engulfed in blazing flames.
The tentacled starspawn bites you!!
Your blood congeals into armour.
The tentacled starspawn tentacle-slaps you but does no damage.
You puncture the tentacled starspawn! You burn the tentacled starspawn.
You destroy the tentacled starspawn!
Your Fighting skill increases to level 7!
A small abomination comes into view.
A starcursed mass comes into view.
You barely miss the small abomination. You kick the small abomination.
The small abomination is lightly damaged.
You puncture the small abomination! You burn the small abomination.
You kick the small abomination.
The small abomination is almost destroyed.
The small abomination barely misses you.
A starcursed mass splits.
A chorus of shrieks assaults your mind.
You barely miss the small abomination. You kick the small abomination.
The small abomination is almost destroyed.
The small abomination closely misses you.
You feel a genetic drift.
You feel less energetic.
You puncture the small abomination! You burn the small abomination.
You destroy the small abomination!
A starcursed mass splits.
A starcursed mass splits.
A chorus of shrieks assaults your mind.
* * * LOW HITPOINT WARNING * * *
Found 3 silver boomerangs.
Okay, then.
A green death comes into view.
The green death roars!
A starcursed mass splits.
The green death gestures at you. The bolt of poison hits you!!
You are poisoned.
You die...

##. .#.#.
###....
####.#..#
#.#.(...#
##....2..#.#.
#..#..##....#
###..@..# .
#......#.#
..#...#.#.# #
..###..###...#
..##....#..#
#.#X...#.##
#.#.#X.##
##..#X..X....#
##.#.##...#....


You could see 2 starcursed masses and a green death.

Vanquished Creatures
  A tentacled starspawn (Abyss:1)
  A hydra (D:8)
  A wyvern (D:8)
  10 yaks
  The ghost of karrick the Cudgeller, an amateur GrFi (D:4)
  The ghost of bande the Covered, an amateur GrFi (D:3)
  3 water moccasins
  A necrophage (D:4)
  An ogre (D:6)
  A sky beast (D:5)
  3 black bears
  4 centaurs
  A small abomination (Abyss:1)
  2 bullfrogs
  5 scorpions
  6 killer bees (D:8)
  8 wights
  A howler monkey (D:6)
  2 centaur zombies
  A bullfrog skeleton (D:6)
  A jelly (D:5)
  3 orc priests
  An iron imp (D:3)
  2 centaur skeletons
  2 gnoll shamans
  4 iguanas
  3 orc wizards
  A howler monkey zombie (D:9)
  2 howler monkey skeletons
  8 gnolls
  5 adders
  A white imp (D:7)
  2 ufetubi
  2 worms (D:2)
  3 dart slugs
  23 orcs
  7 endoplasms
  7 giant cockroaches
  10 goblins
  6 hobgoblins
  2 jackals (D:1)
  6 kobolds
  7 quokkas
  7 ball pythons
  4 bats
  2 frilled lizards
  8 rats
183 creatures vanquished.

Vanquished Creatures (others)
  3 fungi (D:2)
  6 plants (D:2)
  8 starspawn tentacles (Abyss:1)
17 creatures vanquished.

Grand Total: 200 creatures vanquished

Notes
Turn   | Place    | Note
-------+----------+-------------------------------------------
     0 | D:1      | SensoryNuts the Demonspawn Gladiator began the quest for
                  | the Orb.
     0 | D:1      | Reached XP level 1. HP: 16/16 MP: 1/1
   122 | D:1      | Gained mutation: You have large cloven feet. [demonic
                  | ancestry]
   122 | D:1      | Reached XP level 2. HP: 9/22 MP: 2/2
   476 | D:1      | Reached skill level 3 in Staves
   706 | D:1      | You fall into a shaft and drop 1 floor!
   741 | D:2      | Gained mutation: When seriously injured, your blood forms
                  | armour. (AC +12) [demonic ancestry]
   741 | D:2      | Reached XP level 3. HP: 14/28 MP: 3/3
  1518 | D:2      | Gained mutation: Your demonic aura sometimes causes spilled
                  | blood to erupt in flames. [demonic ancestry]
  1518 | D:2      | Reached XP level 4. HP: 33/34 MP: 4/4
  1977 | D:2      | Found a faded altar of an unknown god.
  2046 | D:2      | Prayed at the altar of an unknown god.
  2046 | D:2      | Became a worshipper of Ashenzari the Shackled
  2088 | D:2      | Reached * piety under Ashenzari
  2516 | D:3      | Reached skill level 1 in Armour
  2800 | D:3      | Found a snail-covered altar of Cheibriados.
  2814 | D:3      | Reached skill level 4 in Staves
  2814 | D:3      | Gained mutation: When seriously injured, your blood forms
                  | thick armour. (AC +12) [demonic ancestry]
  2814 | D:3      | Reached XP level 5. HP: 31/42 MP: 5/5
  3087 | D:3      | Found a runed translucent gate.
  3087 | D:3      | Found a runed translucent gate.
  3087 | D:3      | Found a runed translucent gate.
  3087 | D:3      | Noticed bande's ghost (amateur GrFi)
  3102 | D:3      | Found an iron altar of Okawaru.
  3608 | D:3      | Killed bande's ghost
  3609 | D:3      | Reached skill level 1 in Stealth
  3609 | D:3      | Gained mutation: When seriously injured, your blood forms
                  | very thick armour. (AC +12) [demonic ancestry]
  3609 | D:3      | Reached XP level 6. HP: 27/48 MP: 6/6
  3975 | D:4      | Reached skill level 5 in Staves
  4265 | D:4      | Gained mutation: Spells you cast may paralyse adjacent
                  | enemies. [demonic ancestry]
  4265 | D:4      | Reached XP level 7. HP: 30/55 MP: 7/7
  4828 | D:4      | Found an opulent altar of Gozag.
  5085 | D:4      | Found a runed translucent gate.
  5086 | D:4      | Found a runed translucent gate.
  5086 | D:4      | Noticed karrick's ghost (amateur GrFi)
  5087 | D:4      | Found a runed translucent gate.
  5088 | D:4      | Identified the +1 scale mail of Bad Feelings {Slay+6}
  5242 | D:4      | HP: 2/55 [orc (12)]
  5449 | D:4      | Killed karrick's ghost
  5692 | D:5      | Entered Level 5 of the Dungeon
  5707 | D:5      | Reached skill level 6 in Staves
  5733 | D:5      | Reached XP level 8. HP: 34/62 MP: 8/8
  6695 | D:5      | Found a staircase to the Ecumenical Temple.
  6983 | D:5      | Reached skill level 7 in Staves
  7388 | Temple   | Entered the Ecumenical Temple
  7528 | D:6      | Found a shadowy altar of Dithmenos.
  7543 | D:6      | Reached skill level 5 in Fighting
  7580 | D:6      | Found an ancient bone altar of Kikubaaqudgha.
  7682 | D:6      | Found a hide-covered altar of Uskayaw.
  7734 | D:6      | Reached XP level 9. HP: 45/70 MP: 9/9
  7901 | D:6      | Found a basalt altar of Yredelemnul.
  8294 | D:7      | Found a broken altar of Ashenzari.
  8342 | D:7      | Reached skill level 8 in Staves
  8498 | D:7      | Reached skill level 5 in Armour
  8777 | D:7      | Found a sparkling altar of Nemelex Xobeh.
  8835 | D:7      | Found Duirurch's Desiderata Depot.
  8846 | D:7      | Bought a +0 demon blade for 240 gold pieces
  9214 | D:8      | Reached skill level 1 in Short Blades
  9466 | D:8      | Noticed a five-headed hydra
  9472 | D:8      | Killed a five-headed hydra
  9473 | D:8      | Reached skill level 5 in Dodging
  9665 | D:8      | Found a runed translucent gate.
  9665 | D:8      | Found a runed translucent gate.
  9665 | D:8      | Found a runed translucent gate.
  9666 | D:8      | Noticed fragbeetle's ghost (novice MiFi)
 10019 | D:8      | Reached XP level 10. HP: 61/76 MP: 10/10
 10032 | D:8      | HP: 2/77 [yak (10)]
 10282 | D:8      | Found an ornate altar of the Wu Jian Council.
 10328 | D:8      | Found a staircase to the Lair.
 10690 | D:9      | Found a runed translucent door.
 10690 | D:9      | Noticed a sixfirhy
 10869 | D:9      | Noticed Erolcha
 10873 | D:9      | Cast into level 1 of the Abyss (Erolcha)
 10874 | Abyss:1  | Gained mutation: You have hidden genetic defects. [potion
                  | of mutation]
 10915 | Abyss:1  | Found a corrupted altar of Lugonu.
 10971 | Abyss:1  | Noticed an apocalypse crab
 10976 | Abyss:1  | Noticed a tentacled starspawn
 11028 | Abyss:1  | Killed a tentacled starspawn
 11038 | Abyss:1  | Noticed a starcursed mass
 11041 | Abyss:1  | Gained mutation: Your magical capacity is low. (-10% MP)
                  | [hidden defects]
 11047 | Abyss:1  | Noticed a green death
 11051 | Abyss:1  | Killed from afar by a green death

Illustrated notes

Levels and vault maps discovered:
D:1:      psy_arrival_radial01, layout_basic
D:2:      layout_basic, dreamdust_ecumenical_altar_hidden_monk_grotto,
          kennysheep_generic_room_14
D:3:      layout_rooms, okawaru_gym_becter, chei_slow_surprise,
          ebering_ghost_rock_garden, gup_sewer_entry_pipe
D:4:      layout_gridville, marbit_many_paths, biasface_ghost_orc_armoury
D:5:      layout_basic, minmay_temple_entry_antechambers
D:6:      layout_basic, lemuel_doored_altar, mainiacjoe_overflow_alcove_1,
          mainiacjoe_overflow_catwalk, general_overflow_altar
D:7:      layout_cave_pools, nicolae_ashenzari_skybound,
          nemelex_spade_bored_becter, nicolae_alphabet_shops
D:8:      layout_cave_pools, pdpol_wu_jian_five_deadly_venoms, lair_entry_dummy,
          gammafunk_ghost_necromancy, solitary_fountain,
          small_chamber_with_monster, grunt_decor_arrowhead
D:9:      cheibrodos_shockbox, layout_loops_corners, gammafunk_ghost_spectres,
          grunt_decor_junction, kennysheep_flooded_box, uniq_erolcha
Temple:   cyrus_temple_forest
Abyss:1:  base: D:7, base:
D:8

Skill      XL: |  1  2  3  4  5  6  7  8  9 10 |
---------------+-------------------------------+-----
Dodging        | 3 4 5 |  5.7
Staves         | 3 4 5 6 7 8 |  8.5
Armour         | 1 2 3 4 6 7 |  7.6
Fighting       | 3 4 5 6 7 |  7.0
Stealth        | 1 2 3 |  3.5
Short Blades   | 3 4 |  4.9
Throwing       | |  1.8

Action                   |  1- 3 |  4- 6 |  7- 9 | 10-12 || total
-------------------------+-------+-------+-------+-------++-------
Melee: Quarterstaff      |    93 |   163 |   189 |       ||   445
       Kick              |    18 |    46 |    83 |    29 ||   176
       Short sword       |       |       |    55 |    60 ||   115
Invok: Curse Item        |       |     1 |       |       ||     1
       Shatter the Chain |       |       |     1 |       ||     1
  Use: Potion            |       |     3 |     1 |     3 ||     7
       Scroll            |       |       |     4 |     2 ||     6
 Stab: Sleeping          |     1 |     2 |     2 |       ||     5
Armor: Leather armour    |    24 |    59 |    17 |       ||   100
       Scale mail        |       |       |   119 |    42 ||   161
Dodge: Dodged            |    67 |    92 |   164 |    38 ||   361

Table legend: (Time is in decaauts)
 A = Elapsed time spent in this place.
 B = Non-inter-level travel time spent in this place.
 C = Inter-level travel time spent in this place.
 D = Time resting spent in this place.
 E = Time spent auto-exploring this place.
 F = Levels seen in this place.
 G = Mean time per level.
                   A        B        C        D        E       F      G
               +--------+--------+--------+--------+--------+-----+--------+
         Total |  11065 |  11065 |      0 |      0 |   8766 |  11 | 1005.9 |
       Dungeon |  10795 |  10795 |      0 |      0 |   8648 |   9 | 1199.4 |
        Temple |     94 |     94 |      0 |      0 |     44 |   1 |   94.0 |
         Abyss |    175 |    175 |      0 |      0 |     74 |   1 |  175.0 |
               +--------+--------+--------+--------+--------+-----+--------+

Top non-repeatable levels by time:
     D:4: 1920 daAuts
     D:5: 1715 daAuts
     D:3: 1549 daAuts
     D:2: 1540 daAuts
     D:8: 1306 daAuts
     D:7: 911 daAuts
     D:6: 767 daAuts
     D:1: 714 daAuts
     D:9: 370 daAuts
 Abyss:1: 175 daAuts
  Temple: 94 daAuts
